[Event "Titled Tuesday Blitz February 14 Early 2023"]
[White "Girsh, Daniel"]
[Black "Nakamura, Hikaru"]
[WhiteFideId "30949190"]
[BlackFideId "2016192"]
[WhiteElo "2123"]
[BlackElo "2775"]
[Result "0-1"]
[Round "01"]
[TimeControl "180+2"]
[Date "2023.02.15"]
[WhiteClock "0:00:26"]
[BlackClock "0:00:43"]

1. e4 c5 2. Nf3 e6 3. d4 cxd4 4. Nxd4 a6 5. c4 Nf6 6. Nc3 Bb4 7. Qd3 d5 8. cxd5 exd5 9. exd5 O-O 10. Be2 Nxd5 11. Bd2 Bxc3 12. Bxc3 Nf4 13. Qf3 Nxe2 14. Nxe2 f6 15. O-O Nc6 16. Rad1 Qe7 17. Rfe1 Qf7 18. a3 Be6 19. Nf4 Bb3 20. Rd2 Rfe8 21. Rde2 Rxe2 22. Qxe2 Rd8 23. h3 h6 24. Qe3 Rd7 25. Qb6 Ne7 26. Re3 Nf5 27. Rd3 Rxd3 28. Nxd3 Bd5 29. Nf4 Be4 30. f3 Bc6 31. Qd8+ Kh7 32. Bb4 Nh4 33. Qe7 Qxe7 34. Bxe7 Nf5 35. Bc5 g5 36. Ne6 Nh4 37. Kf2 Bd5 38. Nd4 Ng6 39. Bd6 h5 40. Nf5 Be6 41. Ne7 Nh8 42. Ke3 Nf7 43. Bb4 h4 44. Ke4 Ne5 45. Bc3 Nd7 46. Ke3 Kg7 47. Nc8 b5 48. Nd6 Kg6 49. Ne4 Bd5 50. Kd4 Bc4 51. Ke3 Bd5 52. Nd6 Nf8 53. Kd4 Ba8 54. Kc5 Nd7+ 55. Kd4 Ne5 56. Ke3 Nd7 57. Kd4 f5 58. Ne8 g4 59. Ke3 g3 60. Nc7 Bb7 61. Bd4 Nf8 62. Bc5 Nh7 63. Ne6 Nf6 64. Nf4+ Kf7 65. Bd4 Ne8 66. Be5 Bc6 67. Kd4 Bb7 68. Ke3 Ba8 69. b4 Bc6 70. Kd4 Bb7 71. Ke3 Bc8 72. Kd4 Bd7 73. Ke3 Be6 74. Nxe6 Kxe6 75. f4 Kd5 76. Kd3 Kc6 77. Kd4 Nd6 78. Bxd6 Kxd6 79. Kd3 Kd5 80. Ke3 Kc4 81. Ke2 Kb3 82. Kd3 Kxa3 83. Kc3 Ka4 84. Kd3 Kxb4 85. Kd4 a5 86. Ke5 a4 87. Kxf5 a3 88. Kg4 a2 89. f5 a1=Q 90. Kg5 Qb2 91. Kxh4 Qxg2 92. f6 Qf2 0-1


[Site "https://www.chess.com"]

[Event "Titled Tuesday Blitz February 14 Early 2023"]
[White "Nihal Sarin"]
[Black "Kuzmin, Roman"]
[WhiteFideId "25092340"]
[BlackFideId "44134932"]
[WhiteElo "2673"]
[BlackElo "2198"]
[Result "1-0"]
[Round "01"]
[TimeControl "180+2"]
[Date "2023.02.15"]
[WhiteClock "0:00:40"]
[BlackClock "0:00:12"]

1. d4 Nf6 2. c4 e6 3. Nf3 d5 4. Nc3 Nbd7 5. e3 c6 6. Be2 dxc4 7. a4 Bd6 8. O-O O-O 9. Bxc4 e5 10. Qc2 Qc7 11. Rd1 exd4 12. exd4 Nb6 13. Be2 h6 14. h3 Nbd5 15. Bd2 a5 16. Nxd5 Nxd5 17. Re1 Be6 18. Bc4 Rfe8 19. Re2 b5 20. Bd3 Nb4 21. Bxb4 axb4 22. b3 bxa4 23. Rxa4 Rxa4 24. bxa4 Rb8 25. Rxe6 fxe6 26. Bc4 c5 27. Bxe6+ Kh8 28. Ng5 Bh2+ 29. Kh1 Qf4 30. Qh7# 1-0


[Site "https://www.chess.com"]

[Event "Titled Tuesday Blitz February 14 Early 2023"]
[White "Novikov, Evgenij"]
[Black "Andreikin, Dmitry"]
[WhiteFideId "4125380"]
[BlackFideId "4158814"]
[WhiteElo "2276"]
[BlackElo "2729"]
[Result "0-1"]
[Round "01"]
[TimeControl "180+2"]
[Date "2023.02.15"]
[WhiteClock "0:00:02"]
[BlackClock "0:01:39"]

1. d4 Nf6 2. c4 e6 3. Nc3 Bb4 4. e3 O-O 5. Ne2 c6 6. a3 Ba5 7. Bd2 d5 8. Ng3 Nbd7 9. Be2 dxc4 10. Bxc4 e5 11. b4 Bc7 12. Be2 exd4 13. exd4 Nb6 14. Be3 Nbd5 15. Nxd5 Nxd5 16. O-O Qh4 17. Qd2 h6 18. Bf3 Be6 19. Rfe1 Rad8 20. Nf1 Bg4 21. Bxg4 Qxg4 22. Qe2 Qf5 23. Ng3 Bxg3 24. hxg3 Rfe8 25. Qf3 Qc2 26. Rac1 Qb2 27. Bf4 Qxd4 28. Rxe8+ Rxe8 29. Rd1 Qe4 30. Qxe4 Rxe4 31. Bb8 a6 32. Kf1 f6 33. Ba7 Kf7 34. f3 Rc4 35. Rd3 Rc1+ 36. Ke2 Rc2+ 37. Rd2 Rc1 38. g4 Ra1 39. Kf2 Rxa3 40. Bc5 Rc3 41. g3 Rc4 42. Rb2 a5 43. Be3 axb4 0-1


[Site "https://www.chess.com"]

[Event "Titled Tuesday Blitz February 14 Early 2023"]
[White "Sarana, Alexey"]
[Black "Bozorov, Makhsum"]
[WhiteFideId "24133795"]
[BlackFideId "14201330"]
[WhiteElo "2685"]
[BlackElo "2145"]
[Result "1-0"]
[Round "01"]
[TimeControl "180+2"]
[Date "2023.02.15"]
[WhiteClock "0:01:18"]
[BlackClock "0:00:13"]

1. d4 Nf6 2. c4 g6 3. Nc3 d5 4. Bf4 Bg7 5. e3 O-O 6. Rc1 c5 7. dxc5 Be6 8. Nf3 Na6 9. Ng5 Nxc5 10. Nxe6 Nxe6 11. Be5 dxc4 12. Qxd8 Rfxd8 13. Bxc4 Rac8 14. Bxe6 fxe6 15. Ke2 Nd5 16. Bxg7 Kxg7 17. Ne4 b6 18. a3 h6 19. Rhd1 Nf6 20. Nc3 Kf7 21. Nb5 Rxc1 22. Rxc1 Rd7 23. f3 e5 24. Rc8 e4 25. Ra8 exf3+ 26. gxf3 Rd5 27. Nd4 e5 28. Rxa7+ Kg8 29. Ne6 g5 30. b4 e4 31. Rg7+ Kh8 32. Rb7 exf3+ 33. Kxf3 Re5 34. Nd4 Nd5 35. Nc2 h5 36. h3 Kg8 37. a4 Kf8 38. e4 Nc3 39. Rxb6 Nxe4 40. a5 Nd2+ 41. Kf2 Nc4 42. Rb8+ Ke7 43. a6 Rd5 44. a7 1-0


[Site "https://www.chess.com"]

[Event "Titled Tuesday Blitz February 14 Early 2023"]
[White "AidenRchess"]
[Black "Paravyan, David"]
[BlackFideId "4194985"]
[WhiteElo "2517"]
[BlackElo "2601"]
[Result "1/2-1/2"]
[Round "01"]
[TimeControl "180+2"]
[Date "2023.02.15"]
[WhiteClock "0:00:42"]
[BlackClock "0:00:04"]

1. e4 e5 2. Nf3 Nf6 3. Nxe5 d6 4. Nf3 Nxe4 5. Nc3 Nxc3 6. dxc3 Be7 7. Be3 O-O 8. Qd2 Bf5 9. O-O-O Nc6 10. Bd3 Qd7 11. h4 Rfe8 12. h5 h6 13. g4 Bxd3 14. Qxd3 Qxg4 15. Rdg1 Qxf3 16. Rxg7+ Kxg7 17. Bxh6+ Kxh6 18. Qxf3 Bg5+ 19. Kb1 f6 20. Qf5 Ne7 21. Qd7 Nd5 22. Qf5 Nf4 23. a3 Re7 24. Rg1 Rae8 25. Ka2 c6 26. Rg4 Re5 27. Qd7 Kxh5 28. f3 Kg6 29. Qxb7 c5 30. Qxa7 Re2 31. Qa4 f5 32. Rxf4 Bxf4 33. Qxf4 R8e6 34. a4 Rxc2 35. a5 d5 36. Qg3+ Kf6 37. Qh4+ Kg6 38. Qg3+ Kf6 39. Qf4 Ree2 40. Qd6+ Kg5 41. Qg3+ Kh5 42. Qh3+ Kg6 43. Qg3+ Kh5 44. Qh3+ Kg6 45. Qg3+ Kh5 1/2-1/2


[Site "https://www.chess.com"]

[Event "Titled Tuesday Blitz February 14 Early 2023"]
[White "Le, Tuan Minh"]
[Black "Malka, Samuel"]
[WhiteFideId "12401153"]
[BlackFideId "20643675"]
[WhiteElo "2542"]
[BlackElo "2165"]
[Result "1-0"]
[Round "01"]
[TimeControl "180+2"]
[Date "2023.02.15"]
[WhiteClock "0:01:52"]
[BlackClock "0:00:32"]

1. d4 Nf6 2. Nf3 g6 3. Bg5 Bg7 4. Nbd2 O-O 5. c3 d6 6. e4 c5 7. dxc5 dxc5 8. Bc4 Nc6 9. O-O a6 10. a4 Qc7 11. Qe2 Ng4 12. h3 Nge5 13. Nxe5 Nxe5 14. Ba2 b5 15. f4 Nc6 16. axb5 axb5 17. Bxf7+ Kxf7 18. Rxa8 Qb6 19. f5 gxf5 20. exf5 Ne5 21. Qh5+ Kg8 22. Bxe7 c4+ 23. Kh1 Bb7 24. Rxf8+ Bxf8 25. Qg5+ Kf7 26. Bxf8 Kxf8 27. f6 Qe6 28. Qg7+ Ke8 29. Qxb7 1-0


[Site "https://www.chess.com"]

[Event "Titled Tuesday Blitz February 14 Early 2023"]
[White "Shuvalov, Evgenij"]
[Black "Bluebaum, Matthias"]
[WhiteFideId "4187237"]
[BlackFideId "24651516"]
[WhiteElo "2038"]
[BlackElo "2669"]
[Result "0-1"]
[Round "01"]
[TimeControl "180+2"]
[Date "2023.02.15"]
[WhiteClock "0:00:23"]
[BlackClock "0:00:31"]

1. d4 d5 2. c4 e6 3. Nc3 Bb4 4. cxd5 exd5 5. Qa4+ Nc6 6. Nf3 Nf6 7. Bg5 h6 8. Bxf6 Qxf6 9. e3 O-O 10. Be2 Be6 11. O-O a6 12. Qc2 Bd6 13. a3 Ne7 14. e4 dxe4 15. Nxe4 Qg6 16. Bd3 Qh5 17. Nxd6 cxd6 18. Qc7 Nc6 19. Qxd6 Rfd8 20. Qg3 Nxd4 21. Nxd4 Rxd4 22. Rfe1 Rad8 23. Be2 Qa5 24. b4 Qb6 25. Rad1 Rxd1 26. Rxd1 Rxd1+ 27. Bxd1 Qd4 28. Qf3 Bd5 29. Qe2 Bc6 30. h3 Qd5 31. Qf3 Qxf3 32. Bxf3 Bxf3 33. gxf3 Kf8 34. Kf1 Ke7 35. Ke2 Ke6 36. Ke3 Kd5 37. Kd3 g5 38. f4 gxf4 39. f3 Ke5 40. h4 Kf5 41. Kd4 Kg6 42. Ke4 Kh5 43. Kf5 Kxh4 44. Kxf4 h5 45. a4 Kh3 46. Kg5 h4 47. f4 Kg3 48. f5 h3 49. Kf6 h2 50. Kxf7 h1=Q 51. f6 Qd5+ 52. Kg7 Qd4 53. Kg6 Qg4+ 54. Kh7 Qxb4 55. Kg7 Qxa4 56. f7 Qg4+ 57. Kh7 Qf5+ 58. Kg7 Qxf7+ 59. Kxf7 b5 60. Ke6 b4 61. Kd5 b3 62. Kc4 b2 63. Kb3 b1=Q+ 64. Ka3 a5 0-1


[Site "https://www.chess.com"]

[Event "Titled Tuesday Blitz February 14 Early 2023"]
[White "Fedoseev, Vladimir"]
[Black "Yurasova, Daria"]
[WhiteFideId "24130737"]
[BlackFideId "34146919"]
[WhiteElo "2680"]
[BlackElo "2095"]
[Result "1-0"]
[Round "01"]
[TimeControl "180+2"]
[Date "2023.02.15"]
[WhiteClock "0:00:18"]
[BlackClock "0:00:02"]

1. e4 e5 2. Nf3 Nc6 3. Bb5 a6 4. Ba4 Nf6 5. O-O b5 6. Bb3 Bc5 7. c3 d6 8. d4 Bb6 9. a4 Bb7 10. Re1 h6 11. Be3 O-O 12. d5 Ne7 13. Bxb6 cxb6 14. axb5 axb5 15. Na3 Qd7 16. Bc2 Ng6 17. Bd3 Ba6 18. Nc2 Nf4 19. Bf1 Qg4 20. Kh1 b4 21. Rxa6 Rxa6 22. Ne3 Qg6 23. Bxa6 Nxe4 24. Rf1 bxc3 25. bxc3 Nxc3 26. Qb3 Ncxd5 27. Nh4 Qe4 28. Bb7 Rb8 29. Bc6 Rc8 30. Bxd5 Nxd5 31. Nxd5 Qxh4 32. Qxb6 1-0


[Site "https://www.chess.com"]

[Event "Titled Tuesday Blitz February 14 Early 2023"]
[White "Manukyan, Artyom"]
[Black "Pranav, V"]
[WhiteFideId "13305786"]
[BlackFideId "25060783"]
[WhiteElo "2110"]
[BlackElo "2597"]
[Result "0-1"]
[Round "01"]
[TimeControl "180+2"]
[Date "2023.02.15"]
[WhiteClock "0:00:02"]
[BlackClock "0:00:14"]

1. e4 e5 2. Nf3 Nc6 3. Bb5 a6 4. Bxc6 dxc6 5. O-O Bg4 6. h3 Bxf3 7. Qxf3 f6 8. d3 Qd7 9. Be3 Ne7 10. Nd2 Ng6 11. a4 Bd6 12. Nc4 O-O 13. a5 Rae8 14. Rad1 Qe6 15. b3 Rf7 16. Qg4 Qe7 17. Bd2 Nf8 18. Ne3 Qd7 19. Nf5 Kh8 20. Rde1 Bc5 21. Kh1 Ne6 22. f4 exf4 23. Bxf4 Rff8 24. Be3 Bb4 25. Ra1 Bc3 26. Ra4 g6 27. Nh4 Qg7 28. Nf3 f5 29. exf5 gxf5 30. Qxg7+ Bxg7 31. Bd2 Bf6 32. Rc4 Kg7 33. Bc3 Bxc3 34. Rxc3 Nf4 35. Rf2 Nd5 36. Rc4 f4 37. Nd2 Re1+ 38. Kh2 Rc1 0-1


[Site "https://www.chess.com"]

[Event "Titled Tuesday Blitz February 14 Early 2023"]
[White "Hakobyan, Aram"]
[Black "Ramirez Allo, Eduardo"]
[WhiteFideId "13306677"]
[BlackFideId "2224178"]
[WhiteElo "2608"]
[BlackElo "2274"]
[Result "1-0"]
[Round "01"]
[TimeControl "180+2"]
[Date "2023.02.15"]
[WhiteClock "0:01:05"]
[BlackClock "0:00:43"]

1. d4 Nf6 2. Nf3 g6 3. g3 Bg7 4. Bg2 O-O 5. O-O d6 6. Re1 c5 7. dxc5 dxc5 8. c3 Nc6 9. Qxd8 Rxd8 10. Be3 Nd7 11. Rd1 b6 12. Ne5 Bxe5 13. Bxc6 Rb8 14. Na3 a6 15. Nc4 Bc7 16. Bf4 Bxf4 17. gxf4 Kf8 18. Rd2 Ke8 19. Rad1 f6 20. e4 b5 21. Na5 Rb6 22. e5 fxe5 23. fxe5 e6 24. f4 Ke7 25. Rd6 Rf8 26. Rxd7+ Bxd7 27. Rxd7+ Ke8 28. Rb7+ Rxc6 29. Nxc6 Rxf4 30. Rxh7 Re4 31. Re7+ Kf8 32. Rxe6 Re2 33. Rf6+ Ke8 34. e6 Rxb2 35. e7 Re2 36. Rf8+ Kd7 37. Rd8+ Kxc6 38. e8=Q+ Rxe8 39. Rxe8 1-0


[Site "https://www.chess.com"]

[Event "Titled Tuesday Blitz February 14 Early 2023"]
[White "Taboas Rodriguez, Daniel"]
[Black "Daneshvar, Bardiya"]
[WhiteFideId "2208466"]
[BlackFideId "12576468"]
[WhiteElo "2371"]
[BlackElo "2540"]
[Result "0-1"]
[Round "01"]
[TimeControl "180+2"]
[Date "2023.02.15"]
[WhiteClock "0:00:02"]
[BlackClock "0:01:22"]

1. d4 Nf6 2. Nf3 e6 3. c4 d5 4. Nc3 c6 5. Bg5 dxc4 6. a4 Bb4 7. e4 Qa5 8. Bd2 Qh5 9. e5 Nd5 10. Bxc4 O-O 11. O-O Be7 12. Ne4 b6 13. Ng3 Qg6 14. Qe2 Nb4 15. Rfc1 a5 16. Ne4 Ba6 17. Nd6 Bxd6 18. exd6 Bxc4 19. Rxc4 Nd5 20. Rac1 Rd8 21. Ne5 Qf6 22. Nxc6 Rxd6 23. Qe5 Rxc6 24. Rxc6 Nxc6 25. Rxc6 Qg6 26. h4 h6 27. f3 Qb1+ 28. Kh2 Qxb2 29. Bf4 Qa3 30. h5 Qxa4 31. Rd6 Qe8 32. g4 Rd8 33. Bd2 Rxd6 34. Qxd6 a4 35. f4 Nf6 36. g5 Ne4 37. Qb4 Qf8 0-1


[Site "https://www.chess.com"]

[Event "Titled Tuesday Blitz February 14 Early 2023"]
[White "Bortnyk, Olexandr"]
[Black "Robledo, Cristian"]
[WhiteFideId "14120828"]
[BlackFideId "133450"]
[WhiteElo "2605"]
[BlackElo "2270"]
[Result "1-0"]
[Round "01"]
[TimeControl "180+2"]
[Date "2023.02.15"]
[WhiteClock "0:01:29"]
[BlackClock "0:00:02"]

1. d4 d5 2. Nc3 Nf6 3. Bf4 c6 4. e3 Bf5 5. Nf3 Nbd7 6. Ne5 e6 7. g4 Bg6 8. h4 h5 9. Nxg6 fxg6 10. g5 Ne4 11. Nxe4 dxe4 12. Bg2 Qa5+ 13. c3 O-O-O 14. Qc2 e5 15. dxe5 Nxe5 16. Bxe4 Bd6 17. O-O-O Rhe8 18. Kb1 Qb6 19. Ka1 Qc7 20. Rd4 c5 21. Rd5 Nc4 22. Bxd6 Rxd6 23. Rxd6 Nxd6 24. Bxg6 Rd8 25. Rd1 Kb8 26. Bxh5 a6 27. a3 Ka7 28. Rd5 Nc4 29. Rxd8 Qxd8 30. Be2 Nd6 31. Qd3 Qe7 32. Qd5 Ne4 33. f4 Ng3 34. Bf3 Nf1 35. h5 Nxe3 36. Qxb7+ Qxb7 37. Bxb7 Kxb7 38. h6 1-0


[Site "https://www.chess.com"]

[Event "Titled Tuesday Blitz February 14 Early 2023"]
[White "Jimenez Almeida, Luis David"]
[Black "Makhnev, Denis"]
[WhiteFideId "22242244"]
[BlackFideId "13707647"]
[WhiteElo "2242"]
[BlackElo "2483"]
[Result "0-1"]
[Round "01"]
[TimeControl "180+2"]
[Date "2023.02.15"]
[WhiteClock "0:01:14"]
[BlackClock "0:01:04"]

1. e4 e5 2. Nf3 Nc6 3. Bb5 a6 4. Ba4 d6 5. d4 b5 6. Bb3 Nxd4 7. Nxd4 exd4 8. c3 d3 9. Qxd3 Nf6 10. O-O Be7 11. Re1 O-O 12. a4 Bb7 13. Bf4 Nd7 14. Bc2 Ne5 15. Bxe5 dxe5 16. axb5 Qxd3 17. Bxd3 axb5 18. Rxa8 Rxa8 19. Bxb5 Ra2 20. Re2 Ra1 21. Bd3 Ba6 0-1


[Site "https://www.chess.com"]

[Event "Titled Tuesday Blitz February 14 Early 2023"]
[White "Narayanan.S.L"]
[Black "dodoucb"]
[WhiteFideId "5058422"]
[WhiteElo "2660"]
[BlackElo "2485"]
[Result "1-0"]
[Round "01"]
[TimeControl "180+2"]
[Date "2023.02.15"]
[WhiteClock "0:02:14"]
[BlackClock "0:00:11"]

1. e4 c6 2. d4 d5 3. f3 dxe4 4. fxe4 e5 5. Nf3 Bg4 6. Bc4 Nd7 7. O-O Bd6 8. c3 Ngf6 9. Bg5 O-O 10. Nbd2 Qc7 11. Qe1 h6 12. Bh4 Rae8 13. h3 Be6 14. Bd3 Nh5 15. Kh1 exd4 16. cxd4 Bg3 17. Bxg3 Nxg3+ 18. Kg1 Nxf1 19. Nxf1 Qf4 20. Ng3 Bxh3 21. Nh2 Bg4 22. Nxg4 Qxg4 23. Qf2 Nf6 24. Rf1 Nh5 25. Nf5 Re6 26. e5 b5 27. Be2 Qg5 28. g4 g6 29. Nd6 f6 30. Ne4 1-0


[Site "https://www.chess.com"]

[Event "Titled Tuesday Blitz February 14 Early 2023"]
[White "Aarav Dengla"]
[Black "Lazavik, Denis"]
[WhiteFideId "45059756"]
[BlackFideId "13515110"]
[WhiteElo "2343"]
[BlackElo "2544"]
[Result "0-1"]
[Round "01"]
[TimeControl "180+2"]
[Date "2023.02.15"]
[WhiteClock "0:00:11"]
[BlackClock "0:00:05"]

1. e4 c5 2. Nf3 e6 3. d4 cxd4 4. Nxd4 Nc6 5. Nc3 Qc7 6. Be3 a6 7. g4 b5 8. Nxc6 Qxc6 9. Qd2 b4 10. Ne2 Qxe4 11. Rg1 Qc6 12. Ng3 d5 13. h4 Bb7 14. g5 Bc5 15. Bd4 Ne7 16. Nh5 O-O-O 17. Bxg7 Rhg8 18. Bf6 Qb6 19. Bd3 Rd7 20. Bxh7 Re8 21. Ng7 Rf8 22. h5 d4 23. Bd3 Nd5 24. h6 Nxf6 25. gxf6 Kb8 26. h7 e5 27. Nh5 Rdd8 28. O-O-O Ka7 29. Qh6 e4 30. Bc4 d3 31. Qxf8 Rxf8 32. Rg8 Qd8 33. Rdg1 e3 34. Bxf7 dxc2 35. Rxf8 Qd2# 0-1


[Site "https://www.chess.com"]

[Event "Titled Tuesday Blitz February 14 Early 2023"]
[White "Tsydypov, Zhamsaran"]
[Black "Shashikant, Kutwal"]
[WhiteFideId "4108566"]
[BlackFideId "5006520"]
[WhiteElo "2518"]
[BlackElo "2182"]
[Result "1-0"]
[Round "01"]
[TimeControl "180+2"]
[Date "2023.02.15"]
[WhiteClock "0:00:43"]
[BlackClock "0:00:03"]

1. e4 e5 2. Nf3 Nc6 3. Bc4 Bc5 4. d3 Nf6 5. Nbd2 a6 6. h3 Ba7 7. Nf1 d6 8. Bg5 h6 9. Bh4 Be6 10. Bb3 Qe7 11. Ne3 g5 12. Bg3 Nh5 13. Bh2 Nf4 14. Bxf4 gxf4 15. Nd5 Bxd5 16. Bxd5 Nd8 17. c3 c6 18. Bb3 Ne6 19. Qe2 O-O-O 20. O-O-O Rhg8 21. Rhg1 Kc7 22. d4 Ng5 23. Nxg5 Qxg5 24. Qf3 Qf6 25. d5 c5 26. a4 Bb6 27. Bc4 Kb8 28. Kc2 Rg7 29. Rb1 Qh4 30. Kd3 Ka7 31. Ra1 Ba5 32. Kc2 Rdg8 33. Bf1 Qd8 34. g4 h5 35. Be2 hxg4 36. hxg4 f6 37. Rh1 Rh8 38. Rh5 Rxh5 39. gxh5 Qh8 40. Rh1 Qh6 41. Qh3 Bb6 42. Bf3 c4 43. Rh2 Bc5 44. Qf5 Rg5 45. Qe6 Rg1 46. Qf7 Rf1 47. Qg6 Qxg6 48. hxg6 Rg1 49. Rg2 1-0


[Site "https://www.chess.com"]

[Event "Titled Tuesday Blitz February 14 Early 2023"]
[White "AyMitecK"]
[Black "Terry, Renato"]
[BlackFideId "3803457"]
[WhiteElo "2484"]
[BlackElo "2520"]
[Result "0-1"]
[Round "01"]
[TimeControl "180+2"]
[Date "2023.02.15"]
[WhiteClock "0:00:13"]
[BlackClock "0:00:17"]

1. e4 e6 2. d4 d5 3. Nd2 Be7 4. Ngf3 Nf6 5. e5 Nfd7 6. Bd3 c5 7. c3 Nc6 8. O-O g5 9. dxc5 Ndxe5 10. Nxe5 Nxe5 11. Bb5+ Bd7 12. Bxd7+ Qxd7 13. Re1 Nd3 14. Re3 Nxc5 15. Nf3 f6 16. Nd4 O-O-O 17. b4 Ne4 18. f3 e5 19. fxe4 exd4 20. cxd4 dxe4 21. Rxe4 f5 22. Re5 Bf6 23. Rc5+ Kb8 24. Bb2 Be7 25. Re5 Bd6 26. Re3 Rhe8 27. Rxe8 Rxe8 28. Qd2 Bf4 29. Qc2 g4 30. Rf1 Be3+ 31. Kh1 f4 32. Qd3 g3 33. d5 Qd6 34. Bd4 a6 35. Bc5 Bxc5 36. bxc5 Qxc5 37. Qxh7 Qf2 38. Qb1 f3 39. Rxf2 gxf2 40. gxf3 Re1+ 0-1


[Site "https://www.chess.com"]

[Event "Titled Tuesday Blitz February 14 Early 2023"]
[White "Shimanov, Aleksandr"]
[Black "Eynullayev, Atilla"]
[WhiteFideId "4198603"]
[BlackFideId "13413570"]
[WhiteElo "2581"]
[BlackElo "2281"]
[Result "1-0"]
[Round "01"]
[TimeControl "180+2"]
[Date "2023.02.15"]
[WhiteClock "0:00:13"]
[BlackClock "0:00:16"]

1. e4 c5 2. Nc3 d6 3. Bb5+ Nd7 4. a4 a6 5. Bc4 Ngf6 6. d3 e6 7. f4 Be7 8. Nf3 O-O 9. O-O b6 10. Qe1 Bb7 11. Bb3 Qc7 12. f5 exf5 13. Nh4 fxe4 14. Nf5 Ne5 15. Bg5 c4 16. Bxc4 Nxc4 17. dxc4 Bd8 18. Qg3 Nh5 19. Qg4 Bxg5 20. Qxg5 Qc5+ 21. Kh1 g6 22. Nd5 Bxd5 23. cxd5 f6 24. Qg4 Rae8 25. c3 Qxd5 26. Rad1 Qe5 27. Rxd6 Kh8 28. Rd7 e3 29. Nd4 f5 30. Qg5 e2 31. Re1 Qf6 32. Qh6 Rf7 33. Rxf7 Qxf7 34. Rxe2 Rxe2 35. Nxe2 Nf6 36. Qe3 Ne4 37. Qxb6 Qa2 38. h3 Qa1+ 39. Kh2 Qxa4 40. Nd4 Qd7 41. Qb8+ Kg7 42. Qe5+ Kh6 43. Ne6 Ng5 44. Nc5 Qd2 45. Qg3 Qd5 46. Qh4+ Kg7 47. Qb4 Qd6+ 48. Kg1 Ne4 49. Nxe4 Qd1+ 50. Kh2 fxe4 51. Qxe4 Qd6+ 52. Kg1 Qd1+ 53. Kf2 Qd2+ 54. Qe2 Qf4+ 55. Kg1 Qc1+ 56. Kh2 Qf4+ 57. g3 Qf5 58. Qd2 h5 59. Kg2 a5 60. Qd4+ Kh7 61. Qa7+ Kh6 62. Qe3+ Kh7 63. Qf3 Qc2+ 64. Qf2 Qe4+ 65. Kh2 a4 66. h4 Kg7 67. Qd4+ Qxd4 68. cxd4 Kf6 69. Kg2 Ke6 70. Kf3 Kd5 71. Ke3 Kc4 72. Ke4 Kb3 73. d5 Kxb2 74. d6 a3 75. d7 a2 76. d8=Q a1=Q 77. Qd4+ Kb1 78. Qxa1+ Kxa1 79. Ke5 Kb2 80. Kf6 Kc3 81. Kxg6 Kd4 82. Kxh5 Ke4 83. Kg6 1-0


[Site "https://www.chess.com"]

[Event "Titled Tuesday Blitz February 14 Early 2023"]
[White "Bettalli, Francesco"]
[Black "Lenderman, Aleksandr"]
[WhiteFideId "2816453"]
[BlackFideId "2021285"]
[WhiteElo "2252"]
[BlackElo "2572"]
[Result "1/2-1/2"]
[Round "01"]
[TimeControl "180+2"]
[Date "2023.02.15"]
[WhiteClock "0:00:15"]
[BlackClock "0:01:24"]

1. d4 c6 2. Nc3 g6 3. e4 d5 4. e5 Bg7 5. h4 f6 6. h5 fxe5 7. hxg6 hxg6 8. Rxh8 Bxh8 9. dxe5 Bxe5 10. Bd3 Qd6 11. Nf3 Bg7 12. Nh4 Qh2 13. Bxg6+ Kd8 14. Bg5 Bf6 15. Nf3 Qxg2 16. Bxf6 Nxf6 17. Qd3 Qh1+ 18. Kd2 Qxa1 19. Ne5 Be6 20. Ne2 Nbd7 21. Nd4 Nxe5 22. Nxe6+ Kc8 23. Qh3 Ne4+ 24. Bxe4 dxe4 25. Qh8+ Kd7 26. Nc5+ Kc7 27. Qxe5+ Kb6 28. Na4+ Ka6 29. Nc5+ Kb6 30. Nd7+ Ka6 31. Nc5+ Kb6 1/2-1/2


[Site "https://www.chess.com"]

[Event "Titled Tuesday Blitz February 14 Early 2023"]
[White "Korobov, Anton"]
[Black "Baches Garcia, Guillermo"]
[WhiteFideId "14105730"]
[BlackFideId "2209764"]
[WhiteElo "2664"]
[BlackElo "2327"]
[Result "1-0"]
[Round "01"]
[TimeControl "180+2"]
[Date "2023.02.15"]
[WhiteClock "0:01:09"]
[BlackClock "0:00:03"]

1. d4 Nf6 2. c4 e6 3. Nf3 d5 4. Nc3 c5 5. e3 a6 6. dxc5 Bxc5 7. a3 O-O 8. b4 Ba7 9. Bb2 Nc6 10. Qc2 d4 11. Rd1 e5 12. c5 Qe7 13. Ne4 Nxe4 14. Qxe4 f5 15. Qc2 dxe3 16. fxe3 e4 17. Nd4 Nxd4 18. Bxd4 f4 19. Bc4+ Kh8 20. O-O f3 21. gxf3 Bh3 22. f4 Bxf1 23. Rxf1 Rad8 24. Kh1 Bb8 25. Bc3 Rd7 26. Rg1 Qh4 27. Qg2 Qh6 28. Qxe4 Rfd8 29. Bb3 Rd3 30. Bxg7+ Qxg7 31. Rxg7 Kxg7 32. Qe7+ Kh6 33. Qg5# 1-0


[Site "https://www.chess.com"]

[Event "Titled Tuesday Blitz February 14 Early 2023"]
[White "Nguyen Hong Nhung"]
[Black "Kollars, Dmitrij"]
[WhiteFideId "12412201"]
[BlackFideId "12909572"]
[WhiteElo "2003"]
[BlackElo "2607"]
[Result "0-1"]
[Round "01"]
[TimeControl "180+2"]
[Date "2023.02.15"]
[WhiteClock "0:00:07"]
[BlackClock "0:02:18"]

1. e4 c5 2. Nf3 d6 3. d4 cxd4 4. Nxd4 Nf6 5. Nc3 Nc6 6. Bg5 e6 7. Nxc6 bxc6 8. Qd3 Qa5 9. Bd2 Qb6 10. O-O-O Ng4 11. Be1 Nxf2 12. Bxf2 Qxf2 13. Qc4 Qb6 14. Be2 Rb8 15. b3 Be7 16. Bf3 O-O 17. h4 d5 18. exd5 cxd5 19. Qd3 Bf6 20. Kb1 Qb4 21. Ne2 Qa3 22. Nd4 e5 23. Bxd5 exd4 24. g4 Qc5 25. Be4 g6 26. h5 Qc3 27. Qe2 d3 28. cxd3 Qa1+ 0-1


[Site "https://www.chess.com"]

[Event "Titled Tuesday Blitz February 14 Early 2023"]
[White "Van Foreest, Jorden"]
[Black "Turzo, Attila"]
[WhiteFideId "1039784"]
[BlackFideId "704954"]
[WhiteElo "2689"]
[BlackElo "2279"]
[Result "1-0"]
[Round "01"]
[TimeControl "180+2"]
[Date "2023.02.15"]
[WhiteClock "0:00:21"]
[BlackClock "0:00:19"]

1. e4 c5 2. Nf3 d6 3. d4 cxd4 4. Nxd4 Nf6 5. Bd3 a6 6. c4 e6 7. Nc3 Nc6 8. Nc2 Be7 9. O-O b6 10. Be3 Bb7 11. Be2 Nb8 12. f3 Nbd7 13. Qd2 O-O 14. Rfd1 Qc7 15. Rac1 Rac8 16. Bf1 Rfe8 17. Nd4 Qb8 18. b3 Bd8 19. Kh1 Bc7 20. Bg1 Kh8 21. b4 Rg8 22. b5 a5 23. Na4 Qa8 24. Be3 Nc5 25. Nxc5 dxc5 26. Ne2 Rgd8 27. Qe1 Qb8 28. Bg1 h6 29. Nc3 Bf4 30. Rb1 Rxd1 31. Rxd1 Rd8 32. Na4 Qc7 33. Rxd8+ Qxd8 34. Nxc5 bxc5 35. Bxc5 Qd2 36. Qxd2 Bxd2 37. Bd4 Nd7 38. c5 e5 39. Bf2 Nb8 40. Bc4 Bc3 41. Bd5 Bc8 42. c6 Bd4 43. Kg1 Kg8 44. b6 Na6 45. b7 Bxb7 46. cxb7 Kf8 47. Bxd4 exd4 48. e5 Ke7 49. Kf2 Kd7 50. Bxf7 Kc7 51. Bd5 Nc5 52. e6 Nxe6 53. Bxe6 Kxb7 54. Bc4 Kb6 55. Bd3 Kc5 56. f4 Kb4 57. Kf3 Kc3 58. Ke4 a4 59. a3 Kb3 60. Kxd4 Kxa3 61. Bb5 Kb3 62. Bxa4+ Kxa4 63. Ke5 Kb5 64. Kf5 Kc5 65. Kg6 Kd5 66. Kxg7 Ke4 67. g3 h5 68. Kg6 h4 69. gxh4 Kxf4 70. h5 Ke5 71. h6 Ke6 72. h7 Ke7 73. h8=Q Ke6 74. Qd4 Ke7 75. Qd5 Ke8 76. Qb7 Kd8 77. Kf6 1-0


[Site "https://www.chess.com"]